TOP OF THE 1ST |
Havana Rollers batting - Pitching for Amarillo Archdukes : LHP César Galván
|
Pitching: LHP César Galván
|
|
Batting: LHB José Torres
|
0-0: Ball 1-0: SINGLE (Groundball, 15S) (infield hit)
|
Batting: LHB Jimmy Husted
|
0-0: Ball 1-0: Ball José Torres steals 2nd base 2-0: Called Strike 2-1: Foul Ball, location: 2F 2-2: Ball 3-2: Base on Balls
|
Batting: RHB Brant Sherman
|
0-0: Grounds into double play, 4-6-3 (Groundball, 4) José Torres to third
|
Batting: RHB Soshu Nakamura
|
0-0: Ball Passed Ball! José Torres scores 1-0: SINGLE (Groundball, 6MD)
|
Batting: SHB Yasuhiro Ikarashi
|
0-0: Ball 1-0: SINGLE (Line Drive, 9S) Soshu Nakamura to second
|
Batting: RHB Bill Little
|
0-0: Ball 1-0: Ground out 5-3 (Groundball, 56S)
|
Top of the 1st over - 1 run, 3 hits, 0 errors, 2 left on base; Havana 1 - Amarillo 0 |
BOTTOM OF THE 1ST |
Amarillo Archdukes batting - Pitching for Havana Rollers : RHP Matt Hoffman
|
Pitching: RHP Matt Hoffman
|
|
Batting: RHB Jesús Ramos
|
0-0: Called Strike 0-1: Ball 1-1: Ball 2-1: SINGLE (Line Drive, 6M)
|
Batting: RHB Fernando Castellanos
|
0-0: Ball 1-0: Called Strike 1-1: Ball 2-1: Ball 3-1: Grounds into double play, 1-6-3 (Groundball, 13S)
|
Batting: SHB Álex Hernández
|
0-0: Fly out, F7 (Line Drive, 8LS)
|
Bottom of the 1st over - 0 runs, 1 hit, 0 errors, 0 left on base; Havana 1 - Amarillo 0 |
TOP OF THE 2ND |
Havana Rollers batting - Pitching for Amarillo Archdukes : LHP César Galván
|
Batting: RHB Mitsuharu Matsumoto
|
0-0: Ball 1-0: Fly out, F7 (Flyball, 7LS)
|
Batting: LHB Shiro Ueno
|
0-0: Fly out, F7 (Flyball, 7)
|
Batting: RHB Ken MacDonald
|
0-0: Ball 1-0: Called Strike 1-1: Ball 2-1: Ball 3-1: Base on Balls
|
Batting: LHB José Torres
|
0-0: Ball 1-0: Called Strike 1-1: Ball 2-1: Swinging Strike 2-2: Ball 3-2: Strikes out swinging
|
Top of the 2nd over - 0 runs, 0 hits, 0 errors, 1 left on base; Havana 1 - Amarillo 0 |
BOTTOM OF THE 2ND |
Amarillo Archdukes batting - Pitching for Havana Rollers : RHP Matt Hoffman
|
Batting: LHB António Chávez
|
0-0: Ball 1-0: Ground out 1-3 (Groundball, P)
|
Batting: RHB Vincente Ramírez
|
0-0: SINGLE (Groundball, 4D)
|
Batting: SHB Jeff Chambers
|
0-0: Ball 1-0: Foul Ball, location: 2F 1-1: Fly out, F5 (Popup, 5F)
|
Batting: LHB José Martínez
|
0-0: Ball Vincente Ramírez steals 2nd base 1-0: Called Strike 1-1: Foul Ball, location: 2F 1-2: 2-RUN HOME RUN (Flyball, 9D), Distance : 340 ft
|
Batting: RHB Rich Henley
|
0-0: Ground out 4-3 (Groundball, 4)
|
Bottom of the 2nd over - 2 runs, 2 hits, 0 errors, 0 left on base; Havana 1 - Amarillo 2 |
TOP OF THE 3RD |
Havana Rollers batting - Pitching for Amarillo Archdukes : LHP César Galván
|
Batting: LHB Jimmy Husted
|
0-0: Swinging Strike 0-1: Ground out 4-3 (Groundball, 4)
|
Batting: RHB Brant Sherman
|
0-0: SINGLE (Flyball, 9S)
|
Batting: RHB Soshu Nakamura
|
0-0: Ball 1-0: Called Strike Brant Sherman is caught stealing 2nd base 1-1: Ball 2-1: Swinging Strike 2-2: Ball 3-2: SOLO HOME RUN (Flyball, 8LXD), Distance : 417 ft
|
Batting: SHB Yasuhiro Ikarashi
|
0-0: Ball 1-0: Ball 2-0: Foul Ball, location: 2F 2-1: Ball 3-1: Called Strike 3-2: SOLO HOME RUN (Flyball, 7D), Distance : 345 ft
|
Batting: RHB Bill Little
|
0-0: Ground out U3 (Groundball, 34)
|
Top of the 3rd over - 2 runs, 3 hits, 0 errors, 0 left on base; Havana 3 - Amarillo 2 |
BOTTOM OF THE 3RD |
Amarillo Archdukes batting - Pitching for Havana Rollers : RHP Matt Hoffman
|
Batting: RHB Nelson Castro
|
0-0: Called Strike 0-1: Ball 1-1: Ground out 5-3 (Groundball, 56)
|
Batting: RHB Jesús Ramos
|
0-0: Ball 1-0: Called Strike 1-1: SINGLE (Line Drive, 4M)
|
Batting: RHB Fernando Castellanos
|
0-0: Ball 1-0: Foul Ball, location: 2F 1-1: Ball 2-1: Fly out, F5 (Popup, 15)
|
Batting: SHB Álex Hernández
|
0-0: Foul Ball, location: 2F 0-1: Ball 1-1: Foul Ball, location: 2F 1-2: SINGLE (Line Drive, 34) Jesús Ramos to second
|
Batting: LHB António Chávez
|
0-0: Called Strike 0-1: Ball 1-1: Ball 2-1: Ball 3-1: Foul Ball, location: 2F 3-2: Base on Balls Jesús Ramos to third Álex Hernández to second
|
Batting: RHB Vincente Ramírez
|
0-0: Ball 1-0: Ball 2-0: SINGLE (Flyball, 78S) Jesús Ramos scores Álex Hernández to third António Chávez to second Runner from 3rd tries for Home, SAFE, no throw
|
Batting: SHB Jeff Chambers
|
0-0: Ball 1-0: DOUBLE (Line Drive, 89XD) António Chávez scores Vincente Ramírez to third
|
Batting: LHB José Martínez
|
0-0: Ball 1-0: Ball 2-0: Foul Ball, location: 2F 2-1: Ball 3-1: Base on Balls
|
Batting: RHB Rich Henley
|
0-0: Called Strike 0-1: Ball 1-1: Swinging Strike 1-2: Ball 2-2: Foul Ball, location: 2F 2-2: Foul Ball, location: 2F 2-2: Strikes out swinging
|
Bottom of the 3rd over - 3 runs, 4 hits, 0 errors, 3 left on base; Havana 3 - Amarillo 5 |
TOP OF THE 4TH |
Havana Rollers batting - Pitching for Amarillo Archdukes : LHP César Galván
|
Batting: RHB Mitsuharu Matsumoto
|
0-0: Ball 1-0: Ball 2-0: Called Strike 2-1: Ball 3-1: Ground out 5-3 (Groundball, 56S)
|
Batting: LHB Shiro Ueno
|
0-0: Called Strike 0-1: Ball 1-1: Foul Ball, location: 2F 1-2: Ball 2-2: Ball 3-2: Ground out 6-3 (Groundball, 6)
|
Batting: RHB Ken MacDonald
|
0-0: Foul Ball, location: 2F 0-1: Swinging Strike 0-2: Strikes out swinging
|
Top of the 4th over - 0 runs, 0 hits, 0 errors, 0 left on base; Havana 3 - Amarillo 5 |
BOTTOM OF THE 4TH |
Amarillo Archdukes batting - Pitching for Havana Rollers : RHP Matt Hoffman
|
Batting: RHB Nelson Castro
|
0-0: Ball 1-0: SINGLE (Groundball, 56S) (infield hit)
|
Batting: RHB Jesús Ramos
|
Pickoff Throw to First - Out! 0-0: Ball 1-0: Fly out, F8 (Flyball, 8LD)
|
Batting: RHB Fernando Castellanos
|
0-0: SOLO HOME RUN (Flyball, 7LD), Distance : 326 ft
|
Batting: SHB Álex Hernández
|
0-0: Called Strike 0-1: Foul Ball, location: 2F 0-2: Strikes out swinging, 2-3 out at first.
|
Bottom of the 4th over - 1 run, 2 hits, 0 errors, 0 left on base; Havana 3 - Amarillo 6 |
TOP OF THE 5TH |
Havana Rollers batting - Pitching for Amarillo Archdukes : LHP César Galván
|
Batting: LHB José Torres
|
0-0: Ground out 4-3 (Groundball, 4M)
|
Batting: LHB Jimmy Husted
|
0-0: Ball 1-0: Called Strike 1-1: Ball 2-1: Ground out U3 (Groundball, 3L)
|
Batting: RHB Brant Sherman
|
0-0: DOUBLE (Line Drive, 9LS)
|
Batting: RHB Soshu Nakamura
|
0-0: Called Strike 0-1: Swinging Strike 0-2: Ball 1-2: Ball 2-2: Strikes out swinging
|
Top of the 5th over - 0 runs, 1 hit, 0 errors, 1 left on base; Havana 3 - Amarillo 6 |
BOTTOM OF THE 5TH |
Amarillo Archdukes batting - Pitching for Havana Rollers : RHP Matt Hoffman
|
Batting: LHB António Chávez
|
0-0: Fly out, F3 (Popup, 3SF)
|
Batting: RHB Vincente Ramírez
|
0-0: Called Strike 0-1: SINGLE (Groundball, 4MD)
|
Pitching: LHP Mike Doss
|
|
Batting: SHB Jeff Chambers
|
0-0: Ball 1-0: Ball 2-0: Fly out, F8 (Line Drive, 8RXD)
|
Batting: LHB José Martínez
|
0-0: Ball 1-0: Called Strike 1-1: Ball 2-1: Ball 3-1: Called Strike 3-2: Strikes out swinging
|
Bottom of the 5th over - 0 runs, 1 hit, 0 errors, 1 left on base; Havana 3 - Amarillo 6 |
TOP OF THE 6TH |
Havana Rollers batting - Pitching for Amarillo Archdukes : LHP César Galván
|
Batting: SHB Yasuhiro Ikarashi
|
0-0: Foul Ball, location: 2F 0-1: Ball 1-1: Foul Ball, location: 2F 1-2: Reached on error, E9 (Flyball, 9)
|
Batting: RHB Bill Little
|
0-0: Ball 1-0: SINGLE (Line Drive, 4D) Yasuhiro Ikarashi to second Runner from 2nd tries for 3rd, SAFE, throw made to third
|
Batting: RHB Mitsuharu Matsumoto
|
0-0: Swinging Strike 0-1: Ball 1-1: Called Strike 1-2: Foul Ball, location: 2F 1-2: Ball 2-2: Ball 3-2: Foul Ball, location: 2F 3-2: Grounds into double play, 5-4-3 (Groundball, 5) Yasuhiro Ikarashi scores
|
Batting: LHB Shiro Ueno
|
0-0: Ground out 3-1 (Groundball, 34S)
|
Top of the 6th over - 1 run, 1 hit, 1 error, 0 left on base; Havana 4 - Amarillo 6 |
BOTTOM OF THE 6TH |
Amarillo Archdukes batting - Pitching for Havana Rollers : LHP Mike Doss
|
Batting: RHB Rich Henley
|
0-0: Called Strike 0-1: Foul Ball, location: 2F 0-2: Ball 1-2: DOUBLE (Groundball, 5L)
|
Batting: RHB Nelson Castro
|
0-0: Called Strike 0-1: Foul Ball, location: 2F 0-2: SINGLE (Flyball, 9LS) Rich Henley to third
|
Batting: RHB Jesús Ramos
|
0-0: Ball 1-0: Swinging Strike 1-1: SINGLE (Groundball, 56D) Rich Henley scores Nelson Castro to second
|
Batting: RHB Fernando Castellanos
|
0-0: Ball Nelson Castro steals 3rd base Jesús Ramos to second 1-0: Ball 2-0: Foul Ball, location: 2F 2-1: Fly out, F3 (Popup, 34S)
|
Batting: SHB Álex Hernández
|
0-0: Intentional Walk
|
Batting: LHB António Chávez
|
0-0: Ball 1-0: Grounds into fielders choice 6-2 (Groundball, 6) Jesús Ramos to third Álex Hernández to second
|
Batting: RHB Vincente Ramírez
|
0-0: Ball 1-0: Foul Ball, location: 2F 1-1: Ball 2-1: Swinging Strike 2-2: Strikes out swinging
|
Bottom of the 6th over - 1 run, 3 hits, 0 errors, 3 left on base; Havana 4 - Amarillo 7 |
TOP OF THE 7TH |
Havana Rollers batting - Pitching for Amarillo Archdukes : LHP César Galván
|
Batting: RHB Ken MacDonald
|
0-0: Foul Ball, location: 2F 0-1: Ball 1-1: Swinging Strike 1-2: Ball 2-2: Strikes out swinging
|
Batting: LHB José Torres
|
0-0: Called Strike 0-1: Called Strike 0-2: Ground out 3-1 (Groundball, 34)
|
Batting: LHB Jimmy Husted
|
0-0: SOLO HOME RUN (Flyball, 8RXD), Distance : 398 ft
|
Pitching: RHP Domingo León
|
|
Batting: RHB Brant Sherman
|
0-0: Called Strike 0-1: Called Strike 0-2: Foul Ball, location: 2F 0-2: Strikes out swinging
|
Top of the 7th over - 1 run, 1 hit, 0 errors, 0 left on base; Havana 5 - Amarillo 7 |
BOTTOM OF THE 7TH |
Amarillo Archdukes batting - Pitching for Havana Rollers : LHP Mike Doss
|
Batting: SHB Jeff Chambers
|
0-0: Called Strike 0-1: Swinging Strike 0-2: Strikes out looking
|
Batting: LHB José Martínez
|
0-0: SINGLE (Groundball, 4MD)
|
Batting: RHB Rich Henley
|
0-0: Ball 1-0: DOUBLE (Flyball, 89D) José Martínez to third Runner from 3rd tries for Home, SAFE, no throw
|
Pitching: RHP Brandon Malet
|
|
Batting: RHB Nelson Castro
|
0-0: Swinging Strike 0-1: Foul Ball, location: 2F 0-2: Strikes out swinging
|
Batting: RHB Jesús Ramos
|
0-0: Swinging Strike 0-1: Ball 1-1: Swinging Strike 1-2: Foul Ball, location: 2F 1-2: Foul Ball, location: 2F 1-2: Ball 2-2: Strikes out swinging
|
Bottom of the 7th over - 1 run, 2 hits, 0 errors, 1 left on base; Havana 5 - Amarillo 8 |
TOP OF THE 8TH |
Havana Rollers batting - Pitching for Amarillo Archdukes : RHP Domingo León
|
Batting: RHB Soshu Nakamura
|
0-0: Called Strike 0-1: Ball 1-1: Ball 2-1: Foul Ball, location: 2F 2-2: Strikes out looking
|
Batting: SHB Yasuhiro Ikarashi
|
0-0: Swinging Strike 0-1: Foul Ball, location: 2F 0-2: Fly out, F8 (Flyball, 8LD)
|
Batting: RHB Bill Little
|
0-0: Ball 1-0: Ball 2-0: Swinging Strike 2-1: Foul Ball, location: 2F 2-2: Ball 3-2: Base on Balls
|
Batting: RHB Mitsuharu Matsumoto
|
0-0: Ball 1-0: Fly out, F1 (Line Drive, 13S)
|
Top of the 8th over - 0 runs, 0 hits, 0 errors, 1 left on base; Havana 5 - Amarillo 8 |
BOTTOM OF THE 8TH |
Amarillo Archdukes batting - Pitching for Havana Rollers : RHP Brandon Malet
|
Batting: RHB Fernando Castellanos
|
0-0: Ball 1-0: Swinging Strike 1-1: Foul Ball, location: 2F 1-2: Strikes out swinging
|
Batting: SHB Álex Hernández
|
0-0: Ball 1-0: SINGLE (Groundball, 4) (infield hit)
|
Batting: LHB António Chávez
|
0-0: Ball Álex Hernández steals 2nd base 1-0: Intentional Walk
|
Batting: RHB Vincente Ramírez
|
0-0: Foul Ball, location: 2F 0-1: Ball 1-1: Foul Ball, location: 2F 1-2: Ball 2-2: Fly out, F1 (Popup, P)
|
Batting: SHB Jeff Chambers
|
0-0: Ball 1-0: Ball 2-0: Ball 3-0: Called Strike 3-1: Fly out, F8 (Flyball, 78D)
|
Bottom of the 8th over - 0 runs, 1 hit, 0 errors, 2 left on base; Havana 5 - Amarillo 8 |
TOP OF THE 9TH |
Havana Rollers batting - Pitching for Amarillo Archdukes : RHP Domingo León
|
Pitching: LHP Christiano Gomes
|
|
Batting: LHB Shiro Ueno
|
0-0: Ball 1-0: Ball 2-0: Foul Ball, location: 2F 2-1: Swinging Strike 2-2: Hit by Pitch
|
Batting: RHB Ken MacDonald
|
0-0: Called Strike 0-1: Foul Ball, location: 2F 0-2: Ball 1-2: SINGLE (Groundball, 56D) Shiro Ueno to second
|
Batting: LHB José Torres
|
0-0: Foul Ball, location: 2F 0-1: Ground out 5-3 (Groundball, 56S) Shiro Ueno to third Ken MacDonald to second
|
Batting: LHB Jimmy Husted
|
0-0: Ball 1-0: Foul Ball, location: 2F 1-1: Ball 2-1: Foul Ball, location: 2F 2-2: Fly out, F6 (Line Drive, 6M)
|
Batting: RHB Brant Sherman
|
0-0: Called Strike 0-1: Called Strike 0-2: Strikes out swinging
|
Top of the 9th over - 0 runs, 1 hit, 0 errors, 2 left on base; Havana 5 - Amarillo 8 |
|